 Dungeon Crawl Stone Soup version 0.28.0-43-g3370ac3207 (webtiles) character file.

Game seed: 5087739227964901145

1713 Renzlar the Shield-Bearer (level 9, -2/73 HPs)
             Began as a Gnoll Fighter on Mar 18, 2022.
             Was a Believer of Okawaru.
             Slain by a troll (15 damage)
             ... on level 5 of the Dungeon on Mar 19, 2022.
             The game lasted 00:19:34 (5046 turns).

Renzlar the Shield-Bearer (Gnoll Fighter)           Turns: 5046, Time: 00:19:34

Health: -2/73      AC: 12    Str: 19    XL:     9   Next: 4%
Magic:  14/14      EV:  8    Int:  7    God:    Okawaru [**....]
Gold:   215        SH: 14    Dex: 13    Spells: 15/15 levels left

rFire   . . .      SeeInvis +   i - +2 falchion (elec)
rCold   + . .      Faith    .   g - +0 tower shield
rNeg    . . .      Spirit   .   n - +2 scale mail {rC+}
rPois   .          Reflect  .   q - +0 helmet
rElec   .          Harm     .   f - +0 cloak
rCorr   .          Rampage  .   (no gloves)
Will    .....                   (no boots)
Stlth   +.........              (no amulet)
HPRegen 0.22/turn               w - ring of see invisible
MPRegen 0.14/turn               (no ring)

@: studying Maces & Flails
A: fangs 1, strong nose, distributed training
a: Renounce Religion, Heroism


You were on level 5 of the Dungeon.
You worshipped Okawaru.
Okawaru was pleased with you.
You visited 1 branch of the dungeon, and saw 5 of its levels.

You collected 215 gold pieces.

Inventory:

Hand Weapons
 a - a +0 war axe
 c - a +0 hunting sling
 i - a +2 falchion of electrocution (weapon)
 o - a +0 dagger of flaming
 r - a +2 whip of freezing
Missiles
 e - 71 sling bullets
 h - 47 bolts
 l - 11 poisoned darts (quivered)
 m - 118 stones
Armour
 d - +0 acid dragon scales
 f - a +0 cloak (worn)
 g - a +0 tower shield (worn)
 n - a +2 scale mail of cold resistance (worn)
 q - a +0 helmet (worn)
 v - a +0 buckler
Magical Staves
 x - a staff of cold
Jewellery
 w - a ring of see invisible (left hand)
Scrolls
 b - a scroll of holy word
Potions
 j - a potion of lignification {unknown}
 k - 2 potions of attraction {unknown}
 p - a potion of degeneration {unknown}
 s - 2 potions of flight {unknown}
 t - a potion of berserk rage {unknown}
 u - a potion of brilliance {unknown}


   Skills:
 + Level 7.6 Fighting
 + Level 3.8 Short Blades
 + Level 3.8 Long Blades
 + Level 6.0 Axes
 + Level 4.1 Maces & Flails
 + Level 3.8 Polearms
 + Level 3.8 Staves
 + Level 3.8 Slings
 + Level 3.8 Bows
 + Level 3.8 Crossbows
 + Level 3.8 Throwing
 + Level 7.6 Armour
 + Level 3.8 Dodging
 + Level 3.8 Stealth
 + Level 7.6 Shields
 + Level 3.8 Unarmed Combat
 + Level 3.8 Spellcasting
 + Level 3.1 Conjurations
 + Level 3.1 Hexes
 + Level 3.1 Summonings
 + Level 3.1 Necromancy
 + Level 3.1 Translocations
 + Level 3.1 Transmutations
 + Level 3.1 Fire Magic
 + Level 3.1 Ice Magic
 + Level 3.1 Air Magic
 + Level 3.1 Earth Magic
 + Level 3.1 Poison Magic
 + Level 4.2 Invocations
 + Level 3.8 Evocations


You had 15 spell levels left.
You didn't know any spells.
Your spell library contained the following spells:

 Spells                   Type           Power      Damage    Failure   Level
 Blink                    Tloc           10%        N/A       96%         2
 Lesser Beckoning         Tloc           5%         N/A       99%         3
 Manifold Assault         Tloc           5%         N/A       100%        5


Dungeon Overview and Level Annotations

Branches:
Dungeon (5/15)
 Temple: D:4-7

Altars:
Okawaru
Trog


Innate Abilities, Weirdness & Mutations

You have very sharp teeth.
Your uncanny sense of smell can sniff out nearby items.
Your experience applies equally to all skills.


Message History

Okawaru accepts your kill.
You have reached level 9!
Your experience leads to an increase in your attributes!
Increase (S)trength, (I)ntelligence, or (D)exterity?
You feel stronger. x2
You slash the troll! Lightning courses through the troll!!
Your bite misses the troll.
The troll is severely wounded.
The troll bites you! You block the troll's attack. x2
You hit the troll. You bite the troll, but do no damage.
The troll is severely wounded.
The troll bites you! The troll barely misses you.
The troll claws you but does no damage. The troll bites you!
The troll claws you. x2
You completely miss the troll.
The troll is severely wounded.
You block the troll's attack. x2; The troll claws you but does no damage.
You hit the troll.
The troll is severely wounded.
You block the troll's attack. x2; The troll barely misses you.
The troll bites you. The troll claws you but does no damage.
The troll claws you!
* * * LOW HITPOINT WARNING * * *
You barely miss the troll. You bite the troll.
The troll is severely wounded.
The troll bites you!
* * * LOW HITPOINT WARNING * * *
You block the troll's attack. x2
Unknown command.
You hit the troll.
The troll is almost dead.
You block the troll's attack. The troll claws you.
* * * LOW HITPOINT WARNING * * *
The troll claws you but does no damage.
Unknown command.
You barely miss the troll.
The troll is severely wounded.
You block the troll's attack. x2; The troll barely misses you.
The troll bites you!
You die...

##.###......##.88.###....##..#.##
.....#.......#.88)#).####.#.....#
..#..........#....').# #.#....##
..####.......######### #.#......
###.#..........##....####.##..#..
.#...........###.####..).##...#..
..#.....<.#..#.#†#**#######......
...............#.#*,.##T?#.....##
..##...........#@##..##$?#......#
#.##...........##T(#*,.###..>..##
................#(.#*,.#.......##
#........#......########..#....##
#####...##.<....###......###..###
##....................#.......
#......#.###.....#..........##
##.....#.....###.#......##..##
##..#.##................###...


You could see a troll.

Vanquished Creatures
  2 water moccasins (D:5)
  An acid dragon (D:5)
  A black bear (D:4)
  2 ice beasts (D:5)
  An orc warrior (D:5)
  2 ogres
  A centaur (D:5)
  A phantom (D:4)
  2 scorpions (D:5)
  2 orc priests
  A centaur skeleton (D:5)
  2 hounds
  2 iguanas (D:5)
  Terence (D:2)
  3 orc wizards
  A scorpion zombie (D:5)
  A killer bee zombie (D:5)
  2 hound skeletons
  Robin (D:3)
  2 howler monkey skeletons
  5 adders
  An ufetubus (D:5)
  A worm (D:2)
  An adder skeleton (D:4)
  2 dart slugs
  20 orcs
  7 ball pythons
  2 endoplasms (D:1)
  2 giant cockroaches
  13 hobgoblins
  4 jackals (D:2)
  5 kobolds
  2 quokkas
  4 bats
  3 frilled lizards
  23 goblins
  6 rats
132 creatures vanquished.

Notes
Turn   | Place    | Note
-------+----------+-------------------------------------------
     0 | D:1      | Renzlar the Gnoll Fighter began the quest for the Orb.
     0 | D:1      | Reached XP level 1. HP: 23/23 MP: 1/1
    83 | D:1      | Found a faded altar of an unknown god.
   158 | D:1      | Reached XP level 2. HP: 25/29 MP: 2/2
   517 | D:1      | Reached XP level 3. HP: 35/35 MP: 3/3
   789 | D:2      | Reached skill level 1 in Invocations
  1069 | D:2      | Reached skill level 1 in Short Blades
  1069 | D:2      | Reached skill level 1 in Long Blades
  1069 | D:2      | Reached skill level 1 in Maces & Flails
  1069 | D:2      | Reached skill level 1 in Polearms
  1069 | D:2      | Reached skill level 1 in Staves
  1069 | D:2      | Reached skill level 1 in Slings
  1069 | D:2      | Reached skill level 1 in Bows
  1069 | D:2      | Reached skill level 1 in Crossbows
  1069 | D:2      | Reached skill level 1 in Throwing
  1069 | D:2      | Reached skill level 1 in Dodging
  1069 | D:2      | Reached skill level 1 in Stealth
  1069 | D:2      | Reached skill level 1 in Unarmed Combat
  1069 | D:2      | Reached skill level 1 in Spellcasting
  1069 | D:2      | Reached skill level 1 in Evocations
  1069 | D:2      | Reached XP level 4. HP: 36/41 MP: 5/5
  1111 | D:2      | Found a bloodstained altar of Trog.
  1565 | D:3      | Noticed Terence
  1574 | D:2      | Killed Terence
  1575 | D:2      | Reached skill level 1 in Conjurations
  1575 | D:2      | Reached skill level 1 in Hexes
  1575 | D:2      | Reached skill level 1 in Summonings
  1575 | D:2      | Reached skill level 1 in Necromancy
  1575 | D:2      | Reached skill level 1 in Translocations
  1575 | D:2      | Reached skill level 1 in Transmutations
  1575 | D:2      | Reached skill level 1 in Fire Magic
  1575 | D:2      | Reached skill level 1 in Ice Magic
  1575 | D:2      | Reached skill level 1 in Air Magic
  1575 | D:2      | Reached skill level 1 in Earth Magic
  1575 | D:2      | Reached skill level 1 in Poison Magic
  1811 | D:3      | Reached XP level 5. HP: 44/47 MP: 5/7
  2058 | D:3      | Noticed Robin
  2069 | D:3      | Killed Robin
  2526 | D:4      | Reached XP level 6. HP: 47/53 MP: 8/8
  2608 | D:4      | Reached skill level 5 in Axes
  2984 | D:4      | Found an iron altar of Okawaru.
  2992 | D:4      | Became a worshipper of Warmaster Okawaru
  3115 | D:4      | Noticed a black bear
  3131 | D:4      | Killed a black bear
  3132 | D:4      | Reached XP level 7. HP: 49/60 MP: 10/10
  3396 | D:5      | Entered Level 5 of the Dungeon
  3434 | D:4      | Reached * piety under Okawaru
  4223 | D:5      | Reached XP level 8. HP: 65/67 MP: 12/12
  4347 | D:5      | Reached ** piety under Okawaru
  4943 | D:5      | Noticed a troll
  5040 | D:5      | Reached XP level 9. HP: 73/73 MP: 14/14
  5046 | D:5      | Slain by a troll

Illustrated notes

Levels and vault maps discovered:
D:1:      dpeg_arrival_shelter, layout_basic, shapermc_ecumenical_altar_venn
D:2:      layout_basic, serial_aquarium, aquarium_bridge_square
          [aquarium_subvault_wall, aquarium_subvault_wall,
          aquarium_subvault_balcony, aquarium_subvault_bridge],
          aquarium_window_fake, aquarium_window_1, aquarium_view_2c,
          aquarium_view_2f, aquarium_pool_1, basic_altar
D:3:      layout_rooms, uniq_robin, uniq_terence
D:4:      layout_gridville, lemuel_coloured_pillars_altar,
          hangedman_abyss_or_decor_lesser_grid
D:5:      minmay_chambers_of_fours, layout_cave_pools, minmay_manual_macuahuitl

Skill      XL: |  1  2  3  4  5  6  7  8 |
---------------+-------------------------+-----
Invocations    | 1 2 3 4 |  4.2
Short Blades   | 1 2 3 |  3.8
Long Blades    | 1 2 3 |  3.8
Maces & Flails | 1 2 4 |  4.1
Polearms       | 1 2 3 |  3.8
Staves         | 1 2 3 |  3.8
Slings         | 1 2 3 |  3.8
Bows           | 1 2 3 |  3.8
Crossbows      | 1 2 3 |  3.8
Throwing       | 1 2 3 |  3.8
Dodging        | 1 2 3 |  3.8
Stealth        | 1 2 3 |  3.8
Unarmed Combat | 1 2 3 |  3.8
Spellcasting   | 1 2 3 |  3.8
Evocations     | 1 2 3 |  3.8
Conjurations   | 1 2 3 |  3.1
Hexes          | 1 2 3 |  3.1
Summonings     | 1 2 3 |  3.1
Necromancy     | 1 2 3 |  3.1
Translocations | 1 2 3 |  3.1
Transmutations | 1 2 3 |  3.1
Fire Magic     | 1 2 3 |  3.1
Ice Magic      | 1 2 3 |  3.1
Air Magic      | 1 2 3 |  3.1
Earth Magic    | 1 2 3 |  3.1
Poison Magic   | 1 2 3 |  3.1
Axes           | 5 6 |  6.0
Fighting       | 7 |  7.6
Armour         | 7 |  7.6
Shields        | 7 |  7.6

Action                   |  1- 3 |  4- 6 |  7- 9 || total
-------------------------+-------+-------+-------++-------
Melee: War axe           |    84 |   148 |    82 ||   314
       Bite              |     8 |    11 |    14 ||    33
       Whip              |       |    36 |    25 ||    61
       Staff             |       |       |     8 ||     8
       Falchion          |       |       |    16 ||    16
 Fire: Hunting sling     |       |    45 |    45 ||    90
Throw: Stone             |       |     5 |       ||     5
       Dart              |       |     5 |       ||     5
Invok: Heroism           |       |       |     2 ||     2
  Use: Scroll            |     6 |     3 |     3 ||    12
       Potion            |       |       |     5 ||     5
Armor: Scale mail        |    42 |    75 |    77 ||   194
Dodge: Dodged            |    40 |    81 |    62 ||   183
Block: Buckler           |    22 |    46 |    15 ||    83
       Tower shield      |       |       |    51 ||    51
